 Dungeon Crawl Stone Soup version 0.30-a0-845-g7c6808c8ce (webtiles) character file.

Game seed: 14452518573773445936

2 BubbleThief the Grave Robber (level 1, -3/13 HPs)
             Began as a Demonspawn Necromancer on Mar 3, 2023.
             Slain by a quokka (4 damage)
             ... on level 1 of the Dungeon.
             The game lasted 00:00:24 (113 turns).

BubbleThief the Grave Robber (DsNe)                  Turns: 113, Time: 00:00:25

Health: -3/13      AC:  2    Str:  8    XL:     1   Next: 33%
Magic:  0/3        EV: 12    Int: 16    God:
Gold:   53         SH:  0    Dex: 13    Spells: 3/4 levels left

rFire   . . .      SeeInvis .    f - +0 short sword
rCold   . . .      Faith    .    (no shield)
rNeg    . . .      Spirit   .    a - +0 robe
rPois   .          Reflect  .    (no helmet)
rElec   .          Rampage  .    (no cloak)
rCorr   .                        (no gloves)
Will    .....                    (no boots)
Stlth   ++                       (no amulet)
HPRegen 0.22/turn                (no ring)
MPRegen 0.08/turn                (no ring)

@: no status effects
A: no striking features
a: no special abilities


You were on level 1 of the Dungeon.
You visited 1 branch of the dungeon, and saw 1 of its levels.

You collected 53 gold pieces.

Inventory:

Hand Weapons
 f - a +0 short sword (weapon)
Armour
 a - a +0 robe (worn)
Scrolls
 g - a scroll of teleportation {unknown}
Potions
 b - a potion of magic
 c - a potion of flight {unknown}
 d - a potion of heal wounds {unknown}
 e - a potion of curing {unknown}


   Skills:
 - Level 1.7 Dodging
 - Level 1.7 Stealth
 + Level 2.0 Spellcasting
 * Level 4.5 Necromancy


You had 3 spell levels left.
You knew the following spells:

 Your Spells              Type           Power      Damage    Failure   Level
a - Necrotise             Necr           64%        1d7       3%          1

Your spell library contained the following spells:

 Spells                   Type           Power      Damage    Failure   Level
 Vampiric Draining        Necr           16%        2d7       10%         3
 Animate Dead             Necr           16%        N/A       32%         4
 Agony                    Necr           16%        N/A       65%         5


Dungeon Overview and Level Annotations

Branches:
Dungeon (1/15)

Altars:


Message History

Found 11 gold pieces.
A rat comes into view.
Aiming: Necrotise (safe; 3% risk of failure)
Press: ? - help, Q - select action Shift-Dir - straight line, f - hobgoblin
Aim: a hobgoblin (chance to affect: 85%)
The hobgoblin barely resists.
Aiming: Necrotise (safe; 3% risk of failure)
Press: ? - help, Q - select action Shift-Dir - straight line, f/p - hobgoblin
Aim: a hobgoblin (chance to affect: 85%)
The hobgoblin writhes in agony.
The hobgoblin barely misses you.
Aiming: Necrotise (safe; 3% risk of failure)
Press: ? - help, Q - select action Shift-Dir - straight line, f/p - hobgoblin
Aim: a hobgoblin (heavily wounded, chance to affect: 85%)
The hobgoblin writhes in agony.
You kill the hobgoblin!
The dead are walking!
You hit the quokka but do no damage. The quokka barely misses you.
You hit the quokka but do no damage. The quokka bites you. x2
You are too injured to fight recklessly!
You are too injured to fight recklessly!
You hit the quokka.
The quokka is almost dead.
The quokka bites you.
You closely miss the quokka.
The quokka is almost dead.
The quokka barely misses you.
Your hobgoblin skeleton hits the rat.
The rat dies!
You closely miss the quokka.
The quokka is almost dead.
The quokka closely misses you.
You barely miss the quokka.
The quokka is almost dead.
The quokka barely misses you.
You hit the quokka but do no damage.
The quokka is severely wounded.
The quokka bites you.
* * * LOW HITPOINT WARNING * * *
The quokka bites you.
You die...

##......# ..#.....#
##.#.#.#... .###....#
#.†#...##.# #####...###
##.#.#..... ..........##
##...##.###
######.##..####.#Z......
#.###..##..##.###.# #.#
##.###..r...... #.#
#..###@###.### #.#
##...........$ ..#
############# ###


You could see a quokka and a friendly hobgoblin skeleton.

Vanquished Creatures
  A hobgoblin (D:1)
  A ball python (D:1)
2 creatures vanquished.

Vanquished Creatures (collateral kills)
  A rat (D:1)
1 creature vanquished.

Grand Total: 3 creatures vanquished

Notes
Turn   | Place    | Note
-------+----------+-------------------------------------------
     0 | D:1      | BubbleThief the Demonspawn Necromancer began the quest for
                  | the Orb.
     0 | D:1      | Reached XP level 1. HP: 13/13 MP: 3/3
   113 | D:1      | Slain by a quokka

Illustrated notes

Levels and vault maps discovered:
D:1:      onia_arrival_pyramid, layout_loops_ring,
          shapermc_ecumenical_altar_starsandcircs,
          nicolae_concentric_dashed_squares_mild,
          hangedman_abyss_or_decor_stabs, minmay_misc_feat_chi

Action                     || total
---------------------------++-------
  Melee: Short sword       ||     7
   Cast: Necrotise         ||     5
  Dodge: Dodged            ||     5

Table legend: (Time is in decaauts)
 A = Elapsed time spent in this place.
 B = Non-inter-level travel time spent in this place.
 C = Inter-level travel time spent in this place.
 D = Time resting spent in this place.
 E = Time spent auto-exploring this place.
 F = Levels seen in this place.
 G = Mean time per level.
                   A        B        C        D        E       F      G
               +--------+--------+--------+--------+--------+-----+--------+
         Total |    112 |    107 |      5 |      0 |     82 |   1 |  112.0 |
       Dungeon |    112 |    107 |      5 |      0 |     82 |   1 |  112.0 |
               +--------+--------+--------+--------+--------+-----+--------+

Top non-repeatable levels by time:
     D:1: 112 daAuts
